cohdb
Replays
Latest Replays
All Replays
Popular Replays
Top Player Replays
Match Explorer
How It Works
Community
CoH3 Stats
Reddit
Sign in to upload your games and track your stats! →
Sign in with Steam
Match 39744884
Unlisted
Match 39744884
Overview
Messages
Build Orders
End
Construct Weapon Support Center
Selects Heavy Weapons
M1919 Machine Gun Team
M1919 Machine Gun Team
M1919 Machine Gun Team
Scout Squad
Infantry Support Center
Selects M2HB .50cal Heavy Machine Gun
Construct Motor Pool
Selects Gallant Stand
M1 Anti-tank Gun Team
M1 Anti-tank Gun Team
Construct Medical Station
Construct Medical Station
Selects Bolstered Team Weapons
Selects Assault Carriers
Advanced Logistics
M8 Greyhound Armored Car
Engineer Squad
Selects Halftrack Strongpoints
Halftrack Strongpoints
M3 Assault Carrier
Engineer Squad
M3 Assault Carrier
M1 Anti-tank Gun Team
Halftrack Strongpoints
Construct Tank Depot
Construct Barracks
Riflemen Squad
Riflemen Squad
Eber
TiburoN
Catstorm
Anime【エルフ】
0
0
Comments
sign in to comment!
No comments posted yet!